 Dungeon Crawl Stone Soup version 0.18-a0-990-g74cdb39 (webtiles) character file.

1104 M4edhros the Sneak (level 8, -3/48 HPs)
             Began as an Octopode Artificer on Jan 3, 2016.
             Was a Believer of Pakellas.
             Slain by a wight
             ... wielding a +3 halberd
              (5 damage)
             ... on level 6 of the Dungeon.
             The game lasted 00:09:43 (5357 turns).

M4edhros the Sneak (Octopode Artificer)             Turns: 5357, Time: 00:09:43

Health: -3/48      AC:  1    Str: 10      XL:     8   Next: 32%
Magic:  11/11      EV: 12    Int: 16 (17) God:    Pakellas [**....]
Gold:   258        SH:  3    Dex: 12      Spells: 1 memorised, 4 levels left

rFire  . . .     SeeInvis +     s - +2 hunting sling
rCold  . . .     Gourm    .     j - +0 buckler
rNeg   . . .     Faith    .     (helmet restricted)
rPois  +         Spirit   .     (no amulet)
rElec  .         Dismiss  .     (no ring)
rCorr  .         Reflect  .     (no ring)
SustAt .         Harm     .     (no ring)
MR     .....                    (no ring)
Stlth  ++++......               (no ring)
                                (no ring)
                                (no ring)
                                (no ring)

@: drained, not resistant to hostile enchantments, stealthy
A: almost no armour, amphibious, 8 rings, constrict 8, camouflage 1, see
invisible, poison resistance, gelatinous body 1
a: Quick Charge, Renounce Religion


You were on level 6 of the Dungeon.
You worshipped Pakellas.
Pakellas was pleased with you.
You were not hungry.

You visited 2 branches of the dungeon, and saw 7 of its levels.

You collected 258 gold pieces.

Inventory:

Hand Weapons
 s - a +2 hunting sling (weapon)
 u - a +2 short sword of venom
 E - a +0 blowgun
Missiles
 g - 42 sling bullets
 h - 175 stones (quivered)
 F - 46 poisoned needles
 H - 2 throwing nets
Armour
 j - a +0 buckler (worn)
Magical Staves
 t - an uncursed staff of earth
Wands
 b - a wand of flame (6/48)
 c - a wand of enslavement (9/24)
 d - a wand of random effects (14/48)
 A - a wand of random effects (22/48)
 K - a wand of draining (12/15)
Scrolls
 e - a scroll of fear
 i - 9 scrolls of identify {unknown}
 l - 3 scrolls of teleportation
 D - 3 scrolls of remove curse
Potions
 o - 4 potions of curing
 q - a potion of flight
Books
 L - a book of Battle

   Spells                             Type                      Level
   a - Infusion                       Charms                       1
   b - Shroud of Golubria             Charms/Translocation         2
   c - Song of Slaying                Charms                       2
   d - Spectral Weapon                Hexes/Charms                 3
   e - Regeneration                   Charms/Necromancy            3
Comestibles
 a - 2 meat rations
 f - 3 bread rations
 n - a royal jelly
 z - a beef jerky
 C - 2 slices of pizza
 G - a fruit


   Skills:
 - Level 1.0(0.0) Fighting
 - Level 1.0(0.0) Short Blades
 * Level 4.3(3.2) Slings
 * Level 5.2(4.0) Dodging
 * Level 7.1(5.9) Stealth
 * Level 0.8(0.0) Shields
 + Level 1.8(0.7) Charms
 + Level 1.6(0.5) Necromancy
 * Level 4.9(3.8) Evocations


You had 4 spell levels left.
You knew the following spells:

 Your Spells              Type           Power        Failure   Level  Hunger
a - Regeneration          Chrm/Necr      #.........   89%         3    ####...


Dungeon Overview and Level Annotations

Branches:
Dungeon (6/15)             Temple (1/1) D:4

Altars:
Ashenzari
Cheibriados
Dithmenos
Fedhas
Kikubaaqudgha
Nemelex Xobeh
Okawaru
Pakellas
Qazlal
Ru
Trog
Xom
Yredelemnul
Zin
The Shining One


Innate Abilities, Weirdness & Mutations

You cannot wear most types of armour.
You are amphibious.
You can wear up to eight rings at the same time.
You can use your tentacles to constrict eight enemies at once.
Your skin changes colour to match your surroundings (Stealth).
Your rubbery body absorbs attacks (AC +1).
You have supernaturally acute eyesight.
Your system is resistant to poisons.


Message History

The wight hits you with a morningstar!
You feel drained. You block the wight's attack.
Firing (i - inventory. (,) - cycle):
h - 176 stones (quivered)
Press: ? - help, Shift-Dir - straight line, f/p - wight
Aim: a wight, wielding a morningstar and wearing a robe (moderately damaged)
You shoot a stone.
The stone hits the wight but does no damage.
The wight is moderately damaged.
The wight barely misses you.
A wight comes into view. It is wielding a falchion of freezing.
Evoke which item? (* to show all) (? for menu, Esc to quit)
Zapping:
c - a wand of enslavement (10/24)
Press: ? - help, Shift-Dir - straight line, f/p - wight
Aim: a wight, wielding a morningstar and wearing a robe (moderately damaged, chance to defeat MR: 54%)
The wight resists with significant effort.
This wand has 9 charges left.
The wight hits you from afar with an enchanted halberd!!
* * * LOW HITPOINT WARNING * * *
You feel drained.
You die...

#..............#
##.............#
#............##
#.#.........##
##.##.....###
#.####.### #.## ###
##..### ######
#..#@z#####....##
##...##z.##......###
#....####.(z.......##
##...# ##..z.......##
#..## #............
#.## #####........
### ###.....# ###...#
#.....


You could see 4 wights.

Vanquished Creatures
  Sigmund (D:4)
  An ogre (D:5)
  A centaur (D:5)
  A giant frog (D:6)
  A crimson imp (D:6)
  A centaur zombie (D:6)
  3 hounds
  A centaur skeleton (D:4)
  2 orc priests (D:5)
  An orc wizard (D:3)
  2 giant frog skeletons (D:4)
  2 iguanas
  3 worker ants
  2 hound zombies
  7 adders
  5 gnolls (D:5)
  A shadow imp (D:5)
  An ooze (D:1)
  An adder skeleton (D:4)
  A worm (D:3)
  3 giant geckos
  24 orcs
  2 ball pythons (D:1)
  10 bats
  3 giant cockroaches
  9 goblins
  7 hobgoblins
  6 kobolds
  3 quokkas
  2 giant newts
  A quokka skeleton (D:4)
  4 rats
112 creatures vanquished.

Notes
Turn   | Place    | Note
--------------------------------------------------------------
     0 | D:1      | M4edhros the Octopode Artificer began the quest for the Orb.
     0 | D:1      | Reached XP level 1. HP: 13/13 MP: 3/3
    27 | D:1      | Reached XP level 2. HP: 18/18 MP: 4/4
   545 | D:2      | Reached XP level 3. HP: 21/23 MP: 5/5
   665 | D:2      | Found a shattered altar of Ashenzari.
   699 | D:2      | Reached skill level 1 in Slings
   869 | D:3      | Reached XP level 4. HP: 21/28 MP: 6/6
  1035 | D:3      | Found a shimmering altar of Xom.
  1091 | D:3      | Became a worshipper of Xom the Psychotic
  1209 | D:4      | Reached skill level 4 in Stealth
  1215 | D:4      | Reached XP level 5. HP: 7/33 MP: 7/7
  1237 | D:4      | Found a staircase to the Ecumenical Temple.
  1350 | Temple   | Entered the Ecumenical Temple
  1382 | Temple   | Fell from the grace of Xom
  1382 | Temple   | Became a worshipper of Pakellas the Inventive
  1676 | D:2      | Found a sacrificial altar of Ru.
  2210 | D:3      | Found an ancient bone altar of Kikubaaqudgha.
  2491 | D:3      | Reached * piety under Pakellas
  2671 | D:4      | Found a blossoming altar of Fedhas.
  2757 | D:4      | Reached XP level 6. HP: 18/38 MP: 9/9
  2967 | D:4      | Reached skill level 5 in Stealth
  3091 | D:4      | Noticed Sigmund
  3095 | D:4      | Killed Sigmund
  3095 | D:4      | Reached XP level 7. HP: 32/43 MP: 10/10
  3237 | D:5      | Entered Level 5 of the Dungeon
  3250 | D:5      | Learned a level 3 spell: Regeneration
  3302 | D:5      | XOM: medium Air miscast
  3334 | D:5      | Reached ** piety under Pakellas
  3334 | D:5      | Received a gift from Pakellas
  3478 | D:5      | Gained mutation: You are partially covered in rough black scales (AC +4, Dex -1). [potion of beneficial mutation]
  3481 | D:5      | Gained mutation: Your spells are a little harder to cast, but a little more powerful. [potion of mutation]
  3481 | D:5      | Gained mutation: Your muscles are strong. (Str +2) [potion of mutation]
  3481 | D:5      | Gained mutation: Your mind is acute. (Int +2) [potion of mutation]
  3483 | D:5      | Lost mutation: Your mind is acute. (Int +2) [potion of cure mutation]
  3483 | D:5      | Lost mutation: Your spells are a little harder to cast, but a little more powerful. [potion of cure mutation]
  3483 | D:5      | Lost mutation: Your muscles are strong. (Str +2) [potion of cure mutation]
  3483 | D:5      | Lost mutation: You are partially covered in rough black scales (AC +4, Dex -1). [potion of cure mutation]
  3485 | D:5      | Gained mutation: Your system is resistant to poisons. [potion of beneficial mutation]
  3554 | D:5      | Reached skill level 6 in Stealth
  3609 | D:5      | XOM: noise
  3778 | D:5      | Reached skill level 1 in Charms
  3799 | D:5      | XOM: medium Necr miscast
  3800 | D:5      | Noticed a shadow
  3800 | D:5      | Noticed a shadow
  4477 | D:5      | XOM: medium Erth miscast
  4505 | D:5      | Found an iron altar of Okawaru.
  4571 | D:5      | XOM: mild Fire miscast
  4630 | D:5      | Reached skill level 5 in Dodging
  4630 | D:5      | Reached skill level 1 in Necromancy
  4630 | D:5      | Reached XP level 8. HP: 48/48 MP: 11/11
  4773 | D:5      | Found a bloodstained altar of Trog.
  4777 | D:5      | Found a glowing golden altar of the Shining One.
  4780 | D:5      | Found a shadowy altar of Dithmenos.
  4868 | D:6      | Found an oddly glowing altar of Pakellas.
  4978 | D:6      | XOM: mild Erth miscast
  5003 | D:6      | XOM: medium Trmt miscast
  5007 | D:6      | Reached skill level 7 in Stealth
  5124 | D:6      | Gained mutation: You have supernaturally acute eyesight. [mutagenic glow]
  5184 | D:6      | XOM: god gift: 13 arrows of flame
  5357 | D:6      | HP: 2/48 [wight/enchanted halberd (18)]
  5357 | D:6      | Slain by a wight

Vault maps used:
D:1:      dpeg_arrival_round_c, corexii_leaking_fountain
D:2:      nicolae_ashenzari_panopticon, nicolae_overflow_hidden_temple
D:3:      kiku_gazebo_garden_becter, xom_butterflies, amalloy_card_club
D:4:      kennysheep_mini, minmay_temple_entry_grid, first_bread, uniq_sigmund
D:5:      okawaru_altar_gauntlet_db, minmay_overflow_temple_star_quad,
          serial_bayou_lake_a
D:6:      grunt_pakellas_sulfur
Temple:   circular_temple_6

Action                   |  1- 3 |  4- 6 |  7- 9 || total
-------------------------+-------+-------+-------++-------
Melee: Short sword       |    56 |    84 |    37 ||   177
 Fire: Hunting sling     |       |       |   122 ||   122
       Blowgun           |       |       |     8 ||     8
Throw: Stone             |     4 |       |       ||     4
Evoke: Wand              |       |     4 |    13 ||    17
  Use: Potion            |       |       |    13 ||    13
       Scroll            |       |       |    11 ||    11
 Stab: Sleeping          |    10 |    12 |     1 ||    23
       Distracted        |       |       |     2 ||     2
  Eat: Meat ration       |       |     1 |     1 ||     2
       Chunk             |       |     1 |     3 ||     4
